 Dungeon Crawl Stone Soup version 0.31.0-11-ge490571c62 (webtiles) character file.

Game seed: 8372355520807256188

1729 stipulation the Purveyor of Pain (level 9, -2/39 HPs)
             Began as a Vine Stalker Necromancer on Jan 29, 2024.
             Was an Initiate of Kikubaaqudgha.
             Slain by a killer bee (6 damage)
             ... on level 6 of the Dungeon.
             The game lasted 00:10:38 (6653 turns).

stipulation the Purveyor of Pain (VSNe)             Turns: 6653, Time: 00:10:38

Health: -2/39      AC:  4    Str: 12    XL:     9   Next: 5%
Magic:  0/21       EV: 17    Int: 19    God:    Kikubaaqudgha [......]
Gold:   176        SH:  0    Dex: 14    Spells: 10/23 levels left

rFire   . . .        s - +1 short sword (elec)
rCold   . . .        (no shield)
rNeg    . . .        a - +0 robe
rPois   .            B - +0 helmet
rElec   .            (no cloak)
rCorr   .            (no gloves)
SInv    .            C - +0 pair of boots
Will    +....        (no amulet)
Stlth   ++           m - +5 ring of evasion
HPRegen 1.06/turn    (no ring)
MPRegen 0.17/turn

%: guardian spirit
@: lethally poisoned (-2 -> -8), animating dead
A: fangs 3, regeneration 1, magic shield, antimagic bite, no potion heal 2
a: Renounce Religion


You were on level 6 of the Dungeon.
You worshipped Kikubaaqudgha.
Kikubaaqudgha was noncommittal.
You visited 2 branches of the dungeon, and saw 7 of its levels.

You collected 232 gold pieces.
You spent 56 gold pieces at shops.

Inventory:

Hand Weapons
 e - a +0 dagger
 r - a +0 dagger of venom
 s - a +1 short sword of electrocution (weapon)
Missiles
 F - 2 throwing nets
Armour
 a - a +0 robe (worn)
 B - a +0 helmet (worn)
 C - a +0 pair of boots (worn)
Jewellery
 m - a +5 ring of evasion (left hand)
Wands
 o - a wand of roots (20)
 u - a wand of quicksilver (11)
 A - a wand of flame (12)
Scrolls
 d - a scroll of immolation {unknown}
 f - 2 scrolls of amnesia {unknown}
 g - a scroll of acquirement {unknown}
 j - a scroll of poison {unknown}
 l - a scroll of fog
 n - 2 scrolls of teleportation {unknown}
 v - a scroll of enchant armour {unknown}
 w - 5 scrolls of identify
 x - a scroll of silence {unknown}
 y - a scroll of vulnerability {unknown}
 D - a scroll of brand weapon {unknown}
 E - a scroll of noise {unknown}
Potions
 b - a potion of magic
 c - 3 potions of heal wounds
 h - 3 potions of might
 i - a potion of mutation
 k - 2 potions of brilliance {unknown}
 p - a potion of degeneration {unknown}
 q - a potion of lignification {unknown}
 t - 3 potions of curing
 z - a potion of enlightenment {unknown}


   Skills:
 - Level 1.5 Dodging
 - Level 2.4 Stealth
 + Level 7.6 Spellcasting
 + Level 8.3 Necromancy
 - Level 4.0 Evocations


You had 10 spell levels left.
You knew the following spells:

 Your Spells              Type           Power      Damage    Failure   Level
a - Necrotise             Necr           100%       1d9       1%          1
b - Vampiric Draining     Necr           39%        2d8       1%          3
c - Animate Dead          Necr           39%        N/A       3%          4
d - Curse of Agony        Necr           39%        N/A       9%          5

Your spell library contained the following spells:

 Spells                   Type           Power      Damage    Failure   Level
 Gell's Gravitas          Tloc           7%         N/A       28%         3
 Teleport Other           Tloc           7%         N/A       28%         3
 Dispersal                Tloc           3%         N/A       100%        6


Dungeon Overview and Level Annotations

Branches:
Dungeon (6/15)             Temple (1/1) D:5

Altars:
Ashenzari
Cheibriados
Dithmenos
Gozag
Hepliaklqana
Kikubaaqudgha
Makhleb
Nemelex Xobeh
Okawaru
Qazlal
Sif Muna
Trog
Uskayaw
Vehumet
Xom
Zin

Shops:
D:2 =?=   D:6 :


Innate Abilities, Weirdness & Mutations

You have razor-sharp teeth.
Your natural rate of healing is unusually fast.
When hurt, damage is shared between your health and your magic reserves.
Your bite disrupts and absorbs the magic of your enemies.
Potions cannot restore your health.


Message History

Aiming: Quicksilver Bolt
Press: ? - help, Shift-Dir - straight line, f - ogre
Aim: an ogre, wielding a +0 giant spiked club (88% to hit)
The bolt of dispelling energy hits the killer bee!
The killer bee is almost dead.
The bolt of dispelling energy hits the ogre!!
The ogre is almost dead.
The killer bee closely misses you. x2; The killer bee misses you.
Casting: Animate Dead (dangerous; 3% risk of failure)
Confirm with . or Enter, or press ? or * to list all spells.
Aiming: Necrotise (safe; 1% risk of failure)
Press: ? - help, Shift-Dir - straight line, f/p - ogre
Aim: an ogre, wielding a +0 giant spiked club (almost dead, chance to affect: 83%)
The killer bee barely resists.
The killer bee closely misses you. The killer bee stings you.
You are poisoned.
The killer bee poisons you!
The killer bee stings you but does no damage.
The killer bee stings you.
You are more poisoned.
The killer bee poisons you!
It was a potion of curing.
Your system rejects the healing.
You feel better. The killer bee stings you.
* * * LOW HITPOINT WARNING * * *
You are poisoned.
The killer bee poisons you! The killer bee closely misses you.
The killer bee barely misses you. The killer bee closely misses you.
Casting: Necrotise (safe; 1% risk of failure)
Confirm with . or Enter, or press ? or * to list all spells.
Aiming: Necrotise (safe; 1% risk of failure)
Press: ? - help, Shift-Dir - straight line, f/p - ogre
Aim: an ogre, wielding a +0 giant spiked club (almost dead, chance to affect: 83%)
The killer bee barely resists.
You feel sick. The killer bee stings you.
* * * LOW HITPOINT WARNING * * *
You are more poisoned.
The killer bee poisons you! The killer bee stings you.
* * * LOW HITPOINT WARNING * * *
The killer bee misses you. The killer bee stings you.
You die...
Kikubaaqudgha rasps: "You have failed me!
Welcome... death!"

..#..........#.# .#
#.....#........###.#
....#..............##
.#####..............# .#
#............#.#
.#####.#..........#.#
.......#....)..$..#.#
..####...........y#.# #.#
#..........@y..###### #.#
#..##.#[.#####OY.....#
#.##...##....# ##.##.#######
#....#.##..#.#####.....#.....##
#..#...#.....#........<.......##
.....##........................#
.....#.................∩.......#
##...#.........................#
#...............SY.......|....#


You could see an ice beast, an ogre and 2 killer bees.

Vanquished Creatures
  Sigmund (D:6)
  Eustachio (D:4)
  A steam dragon (D:6)
  A black bear (D:5)
  2 ogres (D:5)
  2 phantoms (D:5)
  A scorpion (D:4)
  A bullfrog (D:6)
  A killer bee (D:5)
  3 hounds
  2 sleepcaps
  Natasha (thrice) (D:4)
  3 iguanas
  7 gnolls (D:3)
  8 adders
  A white imp (D:5)
  3 dart slugs
  3 orcs
  5 bats
  10 endoplasms
  2 giant cockroaches
  13 goblins
  8 hobgoblins
  5 jackals (D:4)
  4 quokkas
  7 ball pythons
  3 frilled lizards (D:1)
  7 kobolds
  5 rats
113 creatures vanquished.

Vanquished Creatures (collateral kills)
  An ice beast (D:5)
  A scorpion (D:5)
  An iguana (D:5)
  Robin (D:4)
  A dart slug (D:5)
  A goblin (D:1)
  A ball python (D:2)
7 creatures vanquished.

Vanquished Creatures (others)
  2 orc zombies
  A quokka zombie (D:5)
3 creatures vanquished.

Grand Total: 123 creatures vanquished

Notes
Turn   | Place    | Note
-------+----------+-------------------------------------------
     0 | D:1      | stipulation the Vine Stalker Necromancer began the quest
                  | for the Orb.
     0 | D:1      | Reached XP level 1. HP: 9/9 MP: 4/4
   343 | D:1      | Reached XP level 2. HP: 13/13 MP: 1/6
   349 | D:1      | Found a faded altar of an unknown god.
   944 | D:2      | Reached XP level 3. HP: 16/16 MP: 2/8
   966 | D:2      | Reached XP level 4. HP: 16/21 MP: 7/10
  1291 | D:2      | Found Teutug's Jewellery Boutique.
  1362 | D:2      | Found Hetalef's Jewellery Shop.
  1363 | D:2      | Found Xantax's Magic Scroll Boutique.
  1372 | D:2      | Reached skill level 5 in Necromancy
  1398 | D:2      | Bought 2 scrolls of identify for 56 gold pieces
  1442 | D:2      | Found an ancient bone altar of Kikubaaqudgha.
  1677 | D:3      | Reached XP level 5. HP: 22/24 MP: 6/11
  2561 | D:4      | Noticed Robin
  2782 | D:4      | Noticed Eustachio
  2814 | D:4      | Reached XP level 6. HP: 25/28 MP: 6/14
  3076 | D:4      | Killed Robin
  3222 | D:4      | Found a stormy altar of Qazlal.
  3224 | D:4      | Noticed an air elemental
  3263 | D:4      | Noticed a water elemental
  3264 | D:4      | Noticed a fire elemental
  3331 | D:4      | Reached skill level 6 in Necromancy
  3423 | D:4      | Noticed Natasha
  3432 | D:4      | Killed Natasha
  3433 | D:4      | Reached skill level 5 in Spellcasting
  3491 | D:4      | Reached skill level 1 in Evocations
  3565 | D:4      | Learned a level 3 spell: Vampiric Draining
  3570 | D:4      | Learned a level 4 spell: Animate Dead
  3576 | D:4      | Learned a level 5 spell: Curse of Agony
  3874 | D:4      | Noticed Natasha
  3880 | D:4      | Killed Natasha
  3881 | D:4      | Reached XP level 7. HP: 28/32 MP: 8/15
  4420 | D:4      | Noticed Natasha
  4428 | D:4      | Killed Natasha
  4710 | D:4      | Found a stormy altar of Qazlal.
  4944 | D:4      | Killed Eustachio
  5096 | D:5      | Entered Level 5 of the Dungeon
  5151 | D:5      | Reached skill level 7 in Necromancy
  5151 | D:5      | Gained mutation: You have razor-sharp teeth. [Vine Stalker
                  | growth]
  5151 | D:5      | Reached XP level 8. HP: 24/36 MP: 4/18
  5445 | D:5      | Found a staircase to the Ecumenical Temple.
  5878 | Temple   | Entered the Ecumenical Temple
  5901 | Temple   | Became a worshipper of Kikubaaqudgha
  6004 | D:6      | Noticed Sigmund
  6025 | D:6      | Found Taeng's Book Emporium.
  6561 | D:6      | Killed Sigmund
  6562 | D:6      | Reached skill level 8 in Necromancy
  6562 | D:6      | Reached XP level 9. HP: 39/39 MP: 13/21
  6653 | D:6      | Slain by a killer bee

Illustrated notes

Levels and vault maps discovered:
D:1:      dpeg_arrival_tiny_e, layout_basic, ebering_ecumenical_altar_rust
D:2:      layout_rooms, serial_shops, shop, shop, shop, basic_altar
D:3:      layout_loops_ring
D:4:      layout_basic, nicolae_qazlal_style_of_elements, amethyst_killhole,
          minmay_liquid_box, uniq_eustachio, uniq_robin, uniq_natasha
D:5:      layout_basic, lemuel_temple_firewalk_b
D:6:      layout_rooms, serial_shops, shop, uniq_sigmund
Temple:   nicolae_temple_superstar

Skill      XL: |  1  2  3  4  5  6  7  8 |
---------------+-------------------------+-----
Spellcasting   | 3 4 5 6 7 |  7.6
Necromancy     | 5 6 7 8 |  8.3
Evocations     | 1 3 4 |  4.0
Dodging        | |  1.5
Stealth        | |  2.4

Action                     |  1- 3 |  4- 6 |  7- 9 || total
---------------------------+-------+-------+-------++-------
  Melee: Unarmed           |     2 |       |       ||     2
         Dagger            |    23 |    90 |       ||   113
         Bite              |     9 |    31 |    17 ||    57
         Punch             |     1 |     1 |       ||     2
         Short sword       |       |    13 |    57 ||    70
   Cast: Necrotise         |    30 |   110 |    35 ||   175
         Vampiric Draining |       |       |    14 ||    14
         Animate Dead      |       |       |     3 ||     3
  Evoke: Wand              |       |       |     1 ||     1
    Use: Scroll            |       |     4 |       ||     4
         Potion            |       |       |     1 ||     1
   Stab: Sleeping          |       |     1 |     2 ||     3
 Armour: Robe              |    16 |    68 |    57 ||   141
  Dodge: Dodged            |    18 |    80 |    81 ||   179
